 Dungeon Crawl Stone Soup version 0.30-a0-743-gbfdf073431 (webtiles) character file.

Game seed: 18048560220393266487

1813 Dordric the Fighter (level 9, -1/101 HPs)
             Began as an Ogre Berserker on Feb 7, 2023.
             Was a Believer of Trog.
             Slain by a hound (5 damage)
             ... on level 5 of the Dungeon.
             The game lasted 00:07:29 (5470 turns).

Dordric the Fighter (Ogre Berserker)                Turns: 5470, Time: 00:07:29

Health: -1/101     AC:  5    Str: 27    XL:     9   Next: 10%
Magic:  9/9        EV:  5    Int:  8    God:    Trog [**....]
Gold:   279        SH:  0    Dex:  8    Spells: 8/8 levels left

rFire   . . .      SeeInvis .    g - +0 giant spiked club
rCold   . . .      Faith    .    (shield currently unavailable)
rNeg    . . .      Spirit   .    b - +0 animal skin
rPois   .          Reflect  .    (helmet restricted)
rElec   .          Harm     .    (no cloak)
rCorr   .          Rampage  .    (gloves unavailable)
Will    .....                    (boots unavailable)
Stlth   +                        (no amulet)
HPRegen 0.36/turn                (no ring)
MPRegen 0.11/turn                (no ring)

@: on berserk cooldown, held, slowed, very slow
A: large, unfitting armour, tough skin 1, iridescent scales 1, no potion heal 1
a: Renounce Religion, Berserk, Trog's Hand


You were on level 5 of the Dungeon.
You worshipped Trog.
Trog was pleased with you.
You visited 1 branch of the dungeon, and saw 5 of its levels.

You collected 279 gold pieces.

Inventory:

Hand Weapons
 a - a +1 mace
 d - a +0 morningstar
 g - a +0 giant spiked club (weapon)
 j - a +0 giant club
Armour
 b - a +0 animal skin (worn)
Jewellery
 m - a ring of fire
 o - a ring of resist corrosion
Wands
 k - a wand of digging (3)
Scrolls
 e - a scroll of identify
 f - a scroll of vulnerability
 i - 3 scrolls of teleportation
 l - 2 scrolls of fog
 p - a scroll of fear
Potions
 c - 2 potions of curing
 h - a potion of resistance
 n - 2 potions of heal wounds


   Skills:
 + Level 10.2 Fighting
 + Level 8.6 Maces & Flails
 - Level 2.6 Dodging


You had 8 spell levels left.
You didn't know any spells.
Your spell library was empty.

Dungeon Overview and Level Annotations

Branches:
Dungeon (5/15)             Temple (0/1) D:5

Altars:
Elyvilon
Fedhas
Xom


Innate Abilities, Weirdness & Mutations

You are too large for most types of armour.
You have tough skin. (AC +1)
You are partially covered in iridescent scales. (AC +2)
Potions are less effective at restoring your health.


Message History

The gnoll bouda misses you.
You puncture the gnoll bouda!
You kill the gnoll bouda!
Trog accepts your kill.
You stick the gnoll like a pincushion!!!
You kill the gnoll!
Trog accepts your kill.
You closely miss the gnoll. The gnoll hits you with a +0 club.
The gnoll hits you from afar with a +0 halberd.
You closely miss the gnoll.
The gnoll is no longer moving quickly.
The gnoll hits you with a +0 club.
The gnoll hits you from afar with a +0 halberd!
* * * LOW HITPOINT WARNING * * *
You thump the gnoll!
You kill the gnoll!
Trog accepts your kill.
The gnoll is no longer moving quickly.
The gnoll hits you from afar with a +0 halberd!
* * * LOW HITPOINT WARNING * * *
The gnoll hits you with a +0 halberd!
* * * LOW HITPOINT WARNING * * *
Items here: ))) [ ††.
You impale the gnoll!!
You kill the gnoll!
Trog accepts your kill.
The gnoll throws a throwing net.
The throwing net hits you.
You become entangled in the net!
You struggle against the net.
The hound barely misses you.
You struggle against the net.
You feel a strong urge to attack something.
You are no longer berserk.
You are exhausted.
You feel yourself slow down. The hound bites you.
* * * LOW HITPOINT WARNING * * *
You struggle against the net.
The hound bites you.
* * * LOW HITPOINT WARNING * * *
The hound bites you.
* * * LOW HITPOINT WARNING * * *
The hound bites you.
You die...

..##~..♣..~###......
............##...... #
....♣._.♣.......... #.
.#.........#....... ...
##~..♣..~###...... #...
#~~...~~# ####### .....
###...### #
.....g####.....#########
.....gh@...##.........##
.############.....###.##
.............##
########...#### ###.....
#...## #..... #...##
#######...#


You could see a hound and 2 gnolls.

Vanquished Creatures
  The ghost of cforsyth the Summoner, a novice TeSu (D:4)
  Grinder (D:4)
  Sigmund (D:3)
  A black bear (D:2)
  4 ogres
  A phantom (D:4)
  2 bullfrogs (D:4)
  2 scorpions (D:4)
  2 jellies (D:4)
  A gnoll bouda (D:5)
  4 iguanas
  Natasha (D:4)
  An orc wizard (D:4)
  7 gnolls
  6 adders
  4 worms
  4 dart slugs
  15 orcs
  8 ball pythons
  4 bats
  9 endoplasms
  5 giant cockroaches
  4 hobgoblins
  6 jackals
  3 quokkas
  3 frilled lizards
  10 goblins
  5 kobolds
  8 rats
123 creatures vanquished.

Vanquished Creatures (others)
  An orc wizard (D:4)
1 creature vanquished.

Grand Total: 124 creatures vanquished

Notes
Turn   | Place    | Note
-------+----------+-------------------------------------------
     0 | D:1      | Dordric the Ogre Berserker began the quest for the Orb.
     0 | D:1      | Reached XP level 1. HP: 24/24 MP: 1/1
    28 | D:1      | Reached XP level 2. HP: 15/32 MP: 2/2
   228 | D:1      | Reached XP level 3. HP: 35/39 MP: 3/3
   426 | D:1      | Reached ** piety under Trog
   694 | D:2      | Noticed a black bear
   700 | D:2      | Killed a black bear
   701 | D:2      | Reached skill level 5 in Maces & Flails
   701 | D:2      | Reached XP level 4. HP: 48/48 MP: 4/4
   701 | D:2      | Reached XP level 5. HP: 54/54 MP: 5/5
  1594 | D:3      | Found a blossoming altar of Fedhas.
  1633 | D:3      | Noticed Sigmund
  1645 | D:3      | Killed Sigmund
  1646 | D:3      | Reached skill level 5 in Fighting
  1646 | D:3      | Reached XP level 6. HP: 66/66 MP: 6/6
  1677 | D:3      | Found a shimmering altar of Xom.
  2211 | D:3      | Reached XP level 7. HP: 57/74 MP: 7/7
  2215 | D:3      | Reached skill level 6 in Fighting
  2546 | D:3      | HP: 4/112 [orc/+1 short sword of venom (7)]
  2905 | D:4      | Noticed Natasha
  2912 | D:4      | Killed Natasha
  3220 | D:4      | Reached skill level 7 in Fighting
  3463 | D:4      | Noticed Grinder
  3474 | D:4      | Paralysed by Grinder for 3 turns
  3739 | D:4      | Killed Grinder
  3740 | D:4      | Reached skill level 8 in Fighting
  3740 | D:4      | Reached XP level 8. HP: 88/88 MP: 8/8
  4129 | D:4      | Found a runed translucent door.
  4133 | D:4      | Noticed cforsyth's ghost (novice TeSu)
  4534 | D:4      | Reached skill level 9 in Fighting
  4931 | D:4      | Gained mutation: Potions are less effective at restoring
                  | your health. [potion of mutation]
  4931 | D:4      | Gained mutation: You are partially covered in iridescent
                  | scales. (AC +2) [potion of mutation]
  4946 | D:4      | Killed cforsyth's ghost
  4991 | D:5      | Entered Level 5 of the Dungeon
  4997 | D:5      | Reached skill level 10 in Fighting
  4997 | D:5      | Reached XP level 9. HP: 78/101 MP: 9/9
  5092 | D:5      | Found a staircase to the Ecumenical Temple.
  5233 | D:5      | Found a white marble altar of Elyvilon.
  5470 | D:5      | HP: 4/101 [hound (2)]
  5470 | D:5      | Slain by a hound

Illustrated notes

Levels and vault maps discovered:
D:1:      minmay_arrival_open_corners, layout_rooms, dreamdust_wishing_well
D:2:      layout_basic
D:3:      layout_basic, overflow_temple_1_default, old_standard_altar,
          minmay_pentomino_pile, uniq_sigmund
D:4:      layout_basic, ebering_ghost_sewer_d, minmay_divided_ellipse,
          uniq_natasha, uniq_grinder
D:5:      layout_basic, elyvilon_altar_4, minmay_temple_entry_large_hall,
          minmay_misc_feat_rugged

Skill      XL: |  1  2  3  4  5  6  7  8 |
---------------+-------------------------+-----
Maces & Flails | 3 5 6 7 8 |  8.6
Fighting       | 5 8 10 | 10.2
Dodging        | |  2.6

Action                     |  1- 3 |  4- 6 |  7- 9 || total
---------------------------+-------+-------+-------++-------
  Melee: Mace              |    87 |   159 |    46 ||   292
         Punch             |     2 |     2 |       ||     4
         Giant club        |       |       |    28 ||    28
         Morningstar       |       |       |    15 ||    15
         Giant spiked club |       |       |   105 ||   105
 Invoke: Berserk           |     3 |     3 |    12 ||    18
         Trog's Hand       |       |     2 |     4 ||     6
  Evoke: Wand              |       |       |     1 ||     1
    Use: Scroll            |       |       |    10 ||    10
         Potion            |       |       |     6 ||     6
 Armour: Animal skin       |    44 |    45 |    50 ||   139
  Dodge: Dodged            |    90 |    89 |   102 ||   281

Table legend: (Time is in decaauts)
 A = Elapsed time spent in this place.
 B = Non-inter-level travel time spent in this place.
 C = Inter-level travel time spent in this place.
 D = Time resting spent in this place.
 E = Time spent auto-exploring this place.
 F = Levels seen in this place.
 G = Mean time per level.
                   A        B        C        D        E       F      G
               +--------+--------+--------+--------+--------+-----+--------+
         Total |   5716 |   5613 |    103 |    745 |   3871 |   5 | 1143.2 |
       Dungeon |   5716 |   5613 |    103 |    745 |   3871 |   5 | 1143.2 |
               +--------+--------+--------+--------+--------+-----+--------+

Top non-repeatable levels by time:
     D:4: 2005 daAuts
     D:3: 1581 daAuts
     D:2: 957 daAuts
     D:1: 686 daAuts
     D:5: 484 daAuts
